 Dungeon Crawl Stone Soup version 0.29.1-12-g30fa7ad0bf (webtiles) character file.

Game seed: 17388443838779866787

76 wingedge the Trooper (level 4, 0/42 HPs)
             Began as a Hill Orc Monk on Jan 3, 2023.
             Slain by a goblin
             ... wielding a +0 club
             ... led by Robin
              (3 damage)
             ... on level 1 of the Dungeon on Jan 5, 2023.
             The game lasted 00:09:58 (2374 turns).

wingedge the Trooper (Hill Orc Monk)                Turns: 2374, Time: 00:09:58

Health: 0/42       AC:  6    Str: 15    XL:     4   Next: 32%
Magic:  4/4        EV: 10    Int: 10    God:
Gold:   29         SH:  0    Dex: 13    Spells: 3/3 levels left

rFire   . . .      SeeInvis .   a - +0 hand axe
rCold   . . .      Faith    .   (no shield)
rNeg    . . .      Spirit   .   i - +0 scale mail
rPois   .          Reflect  .   (no helmet)
rElec   .          Harm     .   (no cloak)
rCorr   .          Rampage  .   (no gloves)
Will    .....                   (no boots)
Stlth   +.........              (no amulet)
HPRegen 0.14/turn               (no ring)
MPRegen 0.09/turn               (no ring)

@: hasted, very quick
A: no striking features
a: no special abilities


You were on level 1 of the Dungeon.
You visited 1 branch of the dungeon, and saw 2 of its levels.

You collected 29 gold pieces.

Inventory:

Hand Weapons
 a - a +0 hand axe (weapon)
Armour
 i - a +0 scale mail (worn)
Magical Staves
 e - a staff of earth
Scrolls
 b - a scroll of magic mapping {unknown}
 c - a scroll of acquirement {unknown}
 g - a scroll of blinking
 j - a scroll of teleportation {unknown}
Potions
 d - a potion of flight {unknown}
 h - a potion of brilliance {unknown}


   Skills:
 + Level 5.3 Fighting
 - Level 4.0 Axes
 - Level 3.0 Dodging
 - Level 2.0 Stealth


You had 3 spell levels left.
You didn't know any spells.
Your spell library contained the following spells:

 Spells                   Type           Power      Damage    Failure   Level
 Frozen Ramparts          Ice            0%         1d1       99%         3
 Ice Form                 Ice/Tmut       0%         N/A       100%        4
 Summon Ice Beast         Ice/Summ       0%         N/A       100%        4


Dungeon Overview and Level Annotations

Branches:
Dungeon (2/15)

Altars:

Annotations:
D:2 Robin


Message History

You closely miss the hobgoblin.
The hobgoblin is heavily wounded.
You hit the goblin. You barely miss the goblin. The goblin closely misses you.
The goblin barely misses you.
The hobgoblin hits you but does no damage.
You closely miss the hobgoblin.
The hobgoblin is heavily wounded.
You hit the goblin but do no damage. You hit the goblin.
You kill the goblin!
You hit the hobgoblin but do no damage.
The hobgoblin is heavily wounded.
You hit the goblin.
Robin hits you from afar with a +3 trident of protection!
The hobgoblin hits you but does no damage.
The goblin misses you.
Unknown command.
You barely miss the hobgoblin.
The hobgoblin is heavily wounded.
You hit the goblin.
You kill the goblin!
You hit the goblin.
You kill the goblin!
Robin hits you from afar with a +3 trident of protection!
* * * LOW HITPOINT WARNING * * *
A goblin comes into view. It is wielding a +0 dagger.
The hobgoblin hits you.
* * * LOW HITPOINT WARNING * * *
Robin throws the goblin at you!
* * * LOW HITPOINT WARNING * * *
The goblin hits you with a +0 club.
* * * LOW HITPOINT WARNING * * *
There is a stone staircase leading up, spattered with blood here.
Things that are here:
a +0 dagger; a scroll of identify; 11 gold pieces You climb upwards.
There is a stone staircase leading down here.
You hit the hobgoblin.
You kill the hobgoblin!
You hit the goblin. The goblin hits you with a +0 club.
You die...

#....# #.#.#####.########
#....# #.#.# #.##......
#....###.#.#####....#####
#....#.........#..#######
#....#.#.#.###.#..# #...
#(...#.#...#.#.#..####.##
#....#.#.###.............
#....#.g†....#.########.#
#...####@....#.###### #.#
#...## #.##..#......# #.#
#....# #.##.[######.# #.#
##.#####.....######.###.# #.#
#...).....##....##.. #.#
#.........##....#### #.#
#.........##....#._.
#######.###.........##....#.#.
#.........................#...


You could see a goblin (strong).

Vanquished Creatures
  Terence (D:2)
  7 endoplasms
  A giant cockroach (D:1)
  7 hobgoblins
  3 kobolds
  A quokka (D:1)
  5 ball pythons
  3 bats
  4 frilled lizards
  7 goblins (D:2)
  9 rats
48 creatures vanquished.

Notes
Turn   | Place    | Note
-------+----------+-------------------------------------------
     0 | D:1      | wingedge the Hill Orc Monk began the quest for the Orb.
     0 | D:1      | Reached XP level 1. HP: 19/19 MP: 1/1
     8 | D:1      | Found a faded altar of an unknown god.
   299 | D:1      | Reached XP level 2. HP: 23/27 MP: 2/2
   552 | D:1      | Reached skill level 4 in Fighting
  1396 | D:1      | Reached XP level 3. HP: 22/33 MP: 3/3
  1565 | D:2      | Noticed Robin
  1711 | D:2      | Noticed Terence
  1765 | D:2      | Killed Terence
  1766 | D:2      | Reached XP level 4. HP: 9/41 MP: 4/4
  2048 | D:2      | Reached skill level 5 in Fighting
  2371 | D:2      | HP: 2/42 [goblin/+0 club[Robin] (6)]
  2374 | D:1      | Slain by a goblin

Illustrated notes

Levels and vault maps discovered:
D:1:      minmay_arrival_three_doors, layout_basic, basic_ecumenical_altar
D:2:      layout_rooms, minmay_stone_trees_large, uniq_terence, uniq_robin

Skill      XL: |  1  2  3  4 |
---------------+-------------+-----
Fighting       | 4 5 |  5.3
Stealth        | 2 |  2.0
Dodging        | 3 |  3.0
Axes           | |  4.0

Action                   |  1- 3 |  4- 6 || total
-------------------------+-------+-------++-------
Melee: Hand axe          |   145 |    33 ||   178
  Use: Potion            |     2 |     1 ||     3
       Scroll            |       |     2 ||     2
 Stab: Sleeping          |     4 |       ||     4
Armor: Robe              |    11 |       ||    11
       Scale mail        |    14 |    12 ||    26
Dodge: Dodged            |    74 |    23 ||    97
